 Dungeon Crawl Stone Soup version 0.17-a0-1020-ge683cc4 (webtiles) character file.

277 HellByte the Shield-Bearer (level 6, 0/47 HPs)
             Began as a Human Fighter on May 16, 2015.
             Slain by a slave (3 damage)
             ... led by Pikel
             ... on level 4 of the Dungeon.
             The game lasted 00:10:38 (3323 turns).

HellByte the Shield-Bearer (Human Fighter)          Turns: 3323, Time: 00:10:39

Health: 0/47       AC: 11    Str: 18    XL:     6   Next: 51%
Magic:  6/6        EV: 11    Int:  9    God:
Gold:   115        SH: 10    Dex: 17    Spells: 0 memorised, 5 levels left

rFire  . . .     SeeInvis .     a - +0 trident
rCold  . . .     Clarity  .     p - +1 chain mail {rN+}
rNeg   + . .     SustAb   .     c - +0 shield
rPois  .         Gourm    +     (no helmet)
rElec  .         Spirit   .     (no cloak)
rCorr  .         Warding  .     r - +0 pair of gloves
rMut   .         Stasis   .     (no boots)
MR     .....                    l - amulet of the gourmand
Stlth  ..........               (no ring)
                                (no ring)

@: agile, not resistant to hostile enchantments, extremely unstealthy
A: no striking features
a: no special abilities


You were on level 4 of the Dungeon.
You were full.

You visited 1 branch of the dungeon, and saw 4 of its levels.

You collected 115 gold pieces.

Inventory:

Hand weapons
 a - a +0 trident (weapon)
Armour
 b - a +0 scale mail
 c - a +0 shield (worn)
 p - a +1 chain mail of positive energy (worn)
 r - a +0 pair of gloves (worn)
Jewellery
 l - an amulet of the gourmand (around neck)
Scrolls
 g - 2 scrolls of remove curse
 i - 3 scrolls of identify
 j - a scroll of fog
 n - 2 scrolls of immolation {unknown}
 s - a scroll of teleportation {unknown}
Potions
 d - a potion of flight
 h - a potion of cure mutation
 m - a potion of agility
 q - a potion of berserk rage {unknown}
Comestibles
 e - 2 bread rations
 f - 2 meat rations
 o - a royal jelly


   Skills:
 + Level 3.6 Fighting
 + Level 2.8 Polearms
 + Level 4.0 Armour
 + Level 2.5 Dodging
 + Level 4.7 Shields


You had 5 spell levels left.
You didn't know any spells.

Dungeon Overview and Level Annotations

Branches:
Dungeon (4/15)
 Temple: D:4-7

Altars:
Kikubaaqudgha
Nemelex Xobeh

Annotations:
D:4 Pikel


Message History

* * * LOW HITPOINT WARNING * * *
The slave hits you but does no damage. The slave hits you.
* * * LOW HITPOINT WARNING * * *
The slave closely misses you. x2
You completely miss Pikel.
Pikel is almost dead.
The slave closely misses you. The slave hits you but does no damage.
You block Pikel's attack. You block the slave's attack.
The slave hits you but does no damage.
You hit Pikel.
Pikel is almost dead.
The slave barely misses you. You block the slave's attack.
The slave barely misses you. The slave hits you but does no damage.
Pikel hits you but does no damage.
You hit Pikel.
Pikel is almost dead.
The slave misses you. The slave closely misses you. The slave hits you.
* * * LOW HITPOINT WARNING * * *
Pikel hits you but does no damage. The slave hits you.
You die...

##.....## ##....#
#......###.....#
##......#.....#
#...........#
##...#......#
##...###.....## #..###
#......## .###
#.......#### .# .#
##..##...p@K#...##
.######...####.ppp.....#
.........###.......##..#
##................## .
###รท.............#
##............##
##...........#
#...........#
##...........


You could see Pikel and 4 slaves.

Vanquished Creatures
  2 hounds (D:4)
  Ijyb (D:2)
  Jessica (D:2)
  A worker ant (D:4)
  5 adders
  An adder skeleton (D:3)
  A giant gecko (D:2)
  9 orcs
  2 ball pythons (D:3)
  6 giant cockroaches
  5 hobgoblins
  16 jackals
  A quokka (D:2)
  6 bats
  9 goblins
  7 kobolds
  10 rats
83 creatures vanquished.

Notes
Turn   | Place    | Note
--------------------------------------------------------------
     0 | D:1      | HellByte the Human Fighter began the quest for the Orb.
     0 | D:1      | Reached XP level 1. HP: 18/18 MP: 1/1
   135 | D:1      | Reached XP level 2. HP: 14/24 MP: 2/2
   574 | D:1      | Reached XP level 3. HP: 27/29 MP: 3/3
   602 | D:1      | Reached skill level 1 in Dodging
   902 | D:2      | Reached XP level 4. HP: 16/35 MP: 4/4
  1247 | D:2      | Noticed Jessica
  1278 | D:2      | Killed Jessica
  1278 | D:2      | Reached XP level 5. HP: 23/41 MP: 5/5
  1343 | D:2      | Noticed Ijyb
  1399 | D:2      | Killed Ijyb
  2133 | D:3      | Reached skill level 4 in Shields
  2168 | D:3      | Found a glowing drain.
  2523 | D:3      | Found a sparkling altar of Nemelex Xobeh.
  2805 | D:3      | Found an ancient bone altar of Kikubaaqudgha.
  2895 | D:4      | Reached XP level 6. HP: 43/47 MP: 6/6
  3291 | D:4      | Noticed a slave
  3291 | D:4      | Noticed a slave
  3292 | D:4      | Noticed Pikel
  3293 | D:4      | Noticed a slave
  3294 | D:4      | Noticed a slave
  3323 | D:4      | Slain by a slave

Vault maps used:
D:1:      matt_arrival_diagonals
D:2:      uniq_iyjb, uniq_jessica
D:3:      lemuel_doored_altar, nemelex_deck, first_bread, portal_sewer_entry_e
D:4:      nicolae_gozag_cash_rules_everything_around_me,
          nicolae_tso_swordbearing_angel, solitary_fountain, uniq_pikel

Action                   |  1- 3 |  4- 6 || total
-------------------------+-------+-------++-------
Melee: Trident           |   139 |   295 ||   434
  Use: Scroll            |     1 |     6 ||     7
       Potion            |     1 |     4 ||     5
  Eat: Chunk             |       |    13 ||    13
